SAA
IRVING BLUE SOX @ LANCASTER FARMERS
08/17/2023
 
TOP OF THE 1ST
Irving Blue Sox batting - Pitching for Lancaster Farmers : RHP Steve Brown
Pitching: RHP Steve Brown
Batting: RHB Jarred Morgan 0-0: Ground out 4-3 (Groundball, 4)
Batting: SHB Ricardo Franco 0-0: Ball
1-0: Fly out, F6 (Popup, 6D)
Batting: LHB Esteban Casillas 0-0: Called Strike
0-1: Called Strike
0-2: Foul Ball, location: 2F
0-2: Strikes out swinging passed ball, reaches first!
Batting: RHB Arturo Mateo 0-0: Ball
1-0: Called Strike
1-1: Swinging Strike
1-2: Ball
2-2: Ball
3-2: Base on Balls
Esteban Casillas to second
Batting: RHB Carlos Maldonado 0-0: Ball
1-0: Ball
2-0: Foul Ball, location: 2F
2-1: Called Strike
2-2: Foul Ball, location: 2F
2-2: Foul Ball, location: 2F
2-2: Strikes out looking
Top of the 1st over - 0 run(s), 0 hit(s), 0 error(s), 2 left on base; Irving 0 - Lancaster 0
BOTTOM OF THE 1ST
Lancaster Farmers batting - Pitching for Irving Blue Sox : RHP Bob Baker
Pitching: RHP Bob Baker
Batting: RHB Barkley B. Cooltimes 0-0: Ball
1-0: Foul Ball, location: 2F
1-1: Called Strike
1-2: Foul Ball, location: 2F
1-2: Ball
2-2: Foul Ball, location: 2F
2-2: Ball
3-2: Base on Balls
Batting: LHB Rob Wilson 0-0: Called Strike
0-1: Foul Ball, location: 2F
0-2: Ball
1-2: Foul Ball, location: 2F
1-2: Strikes out swinging
Batting: RHB Fred Meyer 0-0: Ball
1-0: Fly out, F8 (Line Drive, 8LM)
1-0: Lined into DP, 8-3 (Line Drive, 8LM)
Bottom of the 1st over - 0 run(s), 0 hit(s), 0 error(s), 0 left on base; Irving 0 - Lancaster 0
TOP OF THE 2ND
Irving Blue Sox batting - Pitching for Lancaster Farmers : RHP Steve Brown
Batting: RHB Alfredo Chávez 0-0: Ball
1-0: Ball
2-0: Bunt missed!
2-1: Foul Ball, location: 2F
2-2: Ground out 4-3 (Groundball, 13)
Batting: RHB Rafael Delgado 0-0: Ball
1-0: Ball
2-0: Called Strike
2-1: Swinging Strike
2-2: SINGLE (Line Drive, 9S)
Batting: RHB Gilberto Díaz 0-0: Called Strike
0-1: Ball
1-1: SINGLE (Line Drive, 4M)
Rafael Delgado to second
Batting: LHB Carlos Garza 0-0: Foul Ball, location: 2F
0-1: DOUBLE (Line Drive, 5D)
Rafael Delgado scores
Gilberto Díaz to third
Batting: RHB Jarred Morgan 0-0: Ball
1-0: Ball
2-0: Called Strike
2-1: Ball
3-1: Called Strike
3-2: Strikes out looking
Batting: SHB Ricardo Franco 0-0: Fly out, F7 (Flyball, 7LM)
Top of the 2nd over - 1 run(s), 3 hit(s), 0 error(s), 2 left on base; Irving 1 - Lancaster 0
BOTTOM OF THE 2ND
Lancaster Farmers batting - Pitching for Irving Blue Sox : RHP Bob Baker
Batting: RHB Sean MacKnight 0-0: Ball
1-0: Ball
2-0: Foul Ball, location: 2F
2-1: Fly out, F7 (Flyball, 7D)
Batting: LHB Manny Valentín 0-0: Called Strike
0-1: Ball
1-1: Fly out, F7 (Flyball, 7LM)
Batting: RHB Chuck Wolf 0-0: Called Strike
0-1: Called Strike
0-2: Fly out, F8 (Popup, 8LS)
Bottom of the 2nd over - 0 run(s), 0 hit(s), 0 error(s), 0 left on base; Irving 1 - Lancaster 0
TOP OF THE 3RD
Irving Blue Sox batting - Pitching for Lancaster Farmers : RHP Steve Brown
Batting: LHB Esteban Casillas 0-0: Called Strike
0-1: SINGLE (Line Drive, 34)
Batting: RHB Arturo Mateo 0-0: Fly out, F9 (Line Drive, 9M)
Batting: RHB Carlos Maldonado 0-0: Ball
1-0: Ball
2-0: SINGLE (Line Drive, 8LS)
Esteban Casillas to second
Batting: RHB Alfredo Chávez 0-0: Fly out, F4 (Line Drive, 4)
Batting: RHB Rafael Delgado 0-0: Ball
1-0: Foul Ball, location: 2F
1-1: Foul Ball, location: 2F
1-2: Strikes out swinging
Top of the 3rd over - 0 run(s), 2 hit(s), 0 error(s), 2 left on base; Irving 1 - Lancaster 0
BOTTOM OF THE 3RD
Lancaster Farmers batting - Pitching for Irving Blue Sox : RHP Bob Baker
Batting: RHB Domenic Gallard 0-0: Ball
1-0: Foul Ball, location: 2F
1-1: Foul Ball, location: 2F
1-2: Reached on Error, E8 (Flyball, 8RM)
Batting: LHB Ramón Gómez 0-0: Called Strike
0-1: Ball
1-1: Swinging Strike
1-2: Foul Ball, location: 2F
1-2: Fly out, F7 (Line Drive, 7LM)
Batting: LHB Brad Tillman 0-0: Called Strike
0-1: Called Strike
0-2: SINGLE (Line Drive, 56D)
Domenic Gallard to second
Batting: RHB Barkley B. Cooltimes 0-0: Fly out, F7 (Flyball, 7M)
Batting: LHB Rob Wilson 0-0: Foul Ball, location: 2F
0-1: Fly out, F8 (Flyball, 8LD)
Bottom of the 3rd over - 0 run(s), 1 hit(s), 1 error(s), 2 left on base; Irving 1 - Lancaster 0
TOP OF THE 4TH
Irving Blue Sox batting - Pitching for Lancaster Farmers : RHP Steve Brown
Batting: RHB Gilberto Díaz 0-0: Foul Ball, location: 2F
0-1: Called Strike
0-2: Foul Ball, location: 2F
0-2: Ball
1-2: Ball
2-2: Strikes out swinging
Batting: LHB Carlos Garza 0-0: Fly out, F5 (Popup, 56S)
Batting: RHB Jarred Morgan 0-0: Foul Ball, location: 2F
0-1: Ground out 6-3 (Groundball, 6M)
Top of the 4th over - 0 run(s), 0 hit(s), 0 error(s), 0 left on base; Irving 1 - Lancaster 0
BOTTOM OF THE 4TH
Lancaster Farmers batting - Pitching for Irving Blue Sox : RHP Bob Baker
Batting: RHB Fred Meyer 0-0: Swinging Strike
0-1: Ball
1-1: Ground out 5-3 (Groundball, 56)
Batting: RHB Sean MacKnight 0-0: Ball
1-0: DOUBLE (Line Drive, 5D)
Batting: LHB Manny Valentín 0-0: Fly out, F3 (Line Drive, 3L)
Batting: RHB Chuck Wolf 0-0: Called Strike
0-1: Foul Ball, location: 2F
0-2: Fly out, F8 (Flyball, 8RS)
Bottom of the 4th over - 0 run(s), 1 hit(s), 0 error(s), 1 left on base; Irving 1 - Lancaster 0
TOP OF THE 5TH
Irving Blue Sox batting - Pitching for Lancaster Farmers : RHP Steve Brown
Batting: SHB Ricardo Franco 0-0: Called Strike
0-1: Ball
1-1: Swinging Strike
1-2: Ground out 4-3 (Groundball, 13)
Batting: LHB Esteban Casillas 0-0: Foul Ball, location: 2F
0-1: Ball
1-1: Swinging Strike
1-2: Ball
2-2: Strikes out looking
Batting: RHB Arturo Mateo 0-0: Called Strike
0-1: Swinging Strike
0-2: Ball
1-2: Ball
2-2: Ball
3-2: Base on Balls
Batting: RHB Carlos Maldonado 0-0: Swinging Strike
0-1: Ball
1-1: Foul Ball, location: 2F
1-2: Ball
Arturo Mateo is caught stealing 2nd base
Top of the 5th over - 0 run(s), 0 hit(s), 0 error(s), 0 left on base; Irving 1 - Lancaster 0
BOTTOM OF THE 5TH
Lancaster Farmers batting - Pitching for Irving Blue Sox : RHP Bob Baker
Batting: RHB Domenic Gallard 0-0: Ball
1-0: Hit by Pitch
Batting: LHB Ramón Gómez 0-0: Bunted foul
0-1: Called Strike
Domenic Gallard steals 2nd base
0-2: Foul Ball, location: 2F
0-2: Fly out, F9 (Flyball, 9M)
0-2: Fly out, F9 (Flyball, 9M)
Batting: LHB Brad Tillman 0-0: Swinging Strike
0-1: Ball
1-1: Foul Ball, location: 2F
1-2: Fly out, F8 (Flyball, 8LM)
Batting: RHB Barkley B. Cooltimes 0-0: SINGLE (Groundball, 56D)
Domenic Gallard to third
Runner from 3rd tries for Home, SAFE, no throw or cutoff
Batting: LHB Rob Wilson 0-0: Ball
1-0: Ground out 6-3 (Groundball, 6)
Bottom of the 5th over - 1 run(s), 1 hit(s), 0 error(s), 1 left on base; Irving 1 - Lancaster 1
TOP OF THE 6TH
Irving Blue Sox batting - Pitching for Lancaster Farmers : RHP Steve Brown
Batting: RHB Carlos Maldonado 0-0: Called Strike
0-1: Swinging Strike
0-2: Strikes out swinging
Batting: RHB Alfredo Chávez 0-0: Foul Ball, location: 2F
0-1: Ball
1-1: Called Strike
1-2: Strikes out swinging
Batting: RHB Rafael Delgado 0-0: Ball
1-0: Called Strike
1-1: Foul Ball, location: 2F
1-2: Strikes out swinging
Top of the 6th over - 0 run(s), 0 hit(s), 0 error(s), 0 left on base; Irving 1 - Lancaster 1
BOTTOM OF THE 6TH
Lancaster Farmers batting - Pitching for Irving Blue Sox : RHP Bob Baker
Batting: RHB Fred Meyer 0-0: Called Strike
0-1: Foul Ball, location: 2F
0-2: Ball
1-2: Ball
2-2: Ground out 6-3 (Groundball, 6)
Batting: RHB Sean MacKnight 0-0: Ball
1-0: Called Strike
1-1: Ball
2-1: Ball
3-1: Swinging Strike
3-2: Foul Ball, location: 2F
3-2: TRIPLE (Line Drive, 78M)
Batting: LHB Manny Valentín 0-0: SINGLE (Groundball, 4M)
Sean MacKnight scores
Batting: RHB Chuck Wolf 0-0: Ball
Manny Valentín steals 2nd base
1-0: Foul Ball, location: 2F
1-1: SINGLE (Groundball, 56D)
Manny Valentín to third
Runner from 3rd tries for Home, SAFE, no throw or cutoff
Batting: RHB Domenic Gallard 0-0: Ball
1-0: DOUBLE (Flyball, 9LS)
Chuck Wolf to third
Batting: LHB Ramón Gómez 0-0: Fly out, F7 (Line Drive, 7M)
Runner from 3rd tags up, SCORES, throw made
Batting: LHB Brad Tillman 0-0: Called Strike
0-1: Ball
1-1: Ball
2-1: Foul Ball, location: 2F
2-2: Ball
3-2: Base on Balls
Batting: RHB Barkley B. Cooltimes 0-0: Called Strike
0-1: Ball
1-1: Called Strike
1-2: Fly out, F9 (Flyball, 9M)
Bottom of the 6th over - 3 run(s), 4 hit(s), 0 error(s), 2 left on base; Irving 1 - Lancaster 4
TOP OF THE 7TH
Irving Blue Sox batting - Pitching for Lancaster Farmers : RHP Steve Brown
Batting: RHB Gilberto Díaz 0-0: Fly out, F8 (Flyball, 8LS)
Batting: LHB Carlos Garza 0-0: Ball
1-0: Ball
2-0: SINGLE (Groundball, 34D)
Batting: RHB Jarred Morgan 0-0: Ball
1-0: Foul Ball, location: 2F
1-1: Foul Ball, location: 2F
1-2: Grounds into double play, 5-4-3 (Groundball, 5)
Top of the 7th over - 0 run(s), 1 hit(s), 0 error(s), 0 left on base; Irving 1 - Lancaster 4
BOTTOM OF THE 7TH
Lancaster Farmers batting - Pitching for Irving Blue Sox : RHP Bob Baker
Batting: LHB Rob Wilson 0-0: Ball
1-0: Called Strike
1-1: Ball
2-1: Swinging Strike
2-2: Strikes out looking
Batting: RHB Fred Meyer 0-0: Foul Ball, location: 2F
0-1: Ball
1-1: Swinging Strike
1-2: SINGLE (Groundball, 25) (infield hit)
Pitching: RHP Jim Meyer
Batting: RHB Sean MacKnight 0-0: Called Strike
0-1: Ball
1-1: Foul Ball, location: 2F
1-2: Ball
2-2: Foul Ball, location: 2F
2-2: Ball
3-2: Strikes out looking
Batting: LHB Manny Valentín 0-0: Ball
1-0: DOUBLE (Groundball, 3L)
Fred Meyer to third
Runner from 3rd tries for Home, SAFE, no throw or cutoff
Batting: RHB Chuck Wolf 0-0: Foul Ball, location: 2F
0-1: Ball
1-1: Ball
2-1: Swinging Strike
2-2: Ball
3-2: Foul Ball, location: 2F
3-2: Strikes out swinging
Bottom of the 7th over - 1 run(s), 2 hit(s), 0 error(s), 1 left on base; Irving 1 - Lancaster 5
TOP OF THE 8TH
Irving Blue Sox batting - Pitching for Lancaster Farmers : RHP Steve Brown
Batting: SHB Ricardo Franco 0-0: Called Strike
0-1: Ball
1-1: Foul Ball, location: 2F
1-2: Ball
2-2: Strikes out swinging
Batting: LHB Esteban Casillas 0-0: Foul Ball, location: 2F
0-1: Foul Ball, location: 2F
0-2: Foul Ball, location: 2F
0-2: Ball
1-2: Ball
2-2: Ball
3-2: Foul Ball, location: 2F
3-2: Strikes out swinging
Batting: RHB Arturo Mateo 0-0: Ball
1-0: Swinging Strike
1-1: Swinging Strike
1-2: Foul Ball, location: 2F
1-2: Ball
2-2: Foul Ball, location: 2F
2-2: Ball
3-2: Foul Ball, location: 2F
3-2: Base on Balls
Pitching: LHP Sergio Cruz
Batting: RHB Carlos Maldonado 0-0: Ball
1-0: Fielders Choice at 2nd, U6 (Groundball, 6M)
Top of the 8th over - 0 run(s), 0 hit(s), 0 error(s), 1 left on base; Irving 1 - Lancaster 5
BOTTOM OF THE 8TH
Lancaster Farmers batting - Pitching for Irving Blue Sox : RHP Jim Meyer
Batting: RHB Domenic Gallard 0-0: Called Strike
0-1: Ball
1-1: Swinging Strike
1-2: Foul Ball, location: 2F
1-2: Ball
2-2: Ball
3-2: SINGLE (Flyball, 9S)
Batting: LHB Ramón Gómez 0-0: Bunted foul
0-1: Sac Bunt - play at second, runner OUT! 3-6
Batting: LHB Brad Tillman 0-0: Swinging Strike
0-1: Foul Ball, location: 2F
0-2: Foul Ball, location: 2F
0-2: Fielders Choice at 2nd, 4-6 (Groundball, 4)
Batting: RHB Barkley B. Cooltimes 0-0: Ball
1-0: Called Strike
1-1: Swinging Strike
1-2: Foul Ball, location: 2F
1-2: Foul Ball, location: 2F
1-2: Foul Ball, location: 2F
1-2: Ball
2-2: Strikes out swinging
Bottom of the 8th over - 0 run(s), 1 hit(s), 0 error(s), 1 left on base; Irving 1 - Lancaster 5
TOP OF THE 9TH
Irving Blue Sox batting - Pitching for Lancaster Farmers : LHP Sergio Cruz
Pitching: LHP Jim Unknown
Batting: RHB Alfredo Chávez 0-0: Ball
1-0: Called Strike
1-1: Ball
2-1: Called Strike
2-2: Ground out 5-3 (Groundball, 56)
Batting: RHB Rafael Delgado 0-0: Called Strike
0-1: Ball
1-1: Fly out, F9 (Flyball, 9M)
Batting: RHB Gilberto Díaz 0-0: Ball
1-0: DOUBLE (Line Drive, 7LS)
Batting: LHB Carlos Garza 0-0: Called Strike
0-1: Foul Ball, location: 2F
0-2: Ball
1-2: Ball
2-2: Ball
3-2: Strikes out swinging
Top of the 9th over - 0 run(s), 1 hit(s), 0 error(s), 1 left on base; Irving 1 - Lancaster 5
This league is powered by Out of the Park Baseball, the baseball management simulation game for PC, Mac and Linux
Friday, July 8th, 2016 - OOTP Baseball 16.9 Build 39